 Dungeon Crawl Stone Soup version 0.25-a0-87-ga3d287bc14 (webtiles) character file.

Game seed: 3085606786017127483, levelgen mode: deterministic

332 Barrydekale the Conjurer (level 6, -1/32 HPs)
             Began as a Deep Elf Conjurer on Nov 10, 2019.
             Slain by an ice beast (2 damage)
             ... on level 3 of the Dungeon.
             The game lasted 00:16:10 (4593 turns).

Barrydekale the Conjurer (Deep Elf Conjurer)        Turns: 4593, Time: 00:16:11

Health: -1/32      AC:  2    Str:  5    XL:     6   Next: 26%
Magic:  8/14       EV: 13    Int: 22    God:
Gold:   190        SH:  0    Dex: 15    Spells: 6/13 levels left

rFire    . . .     SeeInvis .   f - +0 dagger
rCold    . . .     Gourm    .   (no shield)
rNeg     . . .     Faith    .   a - +0 robe
rPois    .         Spirit   .   (no helmet)
rElec    .         Reflect  .   h - scarf {cloud immunity}
rCorr    .         Harm     .   (no gloves)
MR       .....                  (no boots)
Stlth    ++........             (no amulet)
HPRegen  0.10/turn              (no ring)
MPRegen  0.14/turn              (no ring)

@: no status effects
A: no striking features
a: no special abilities


You were on level 3 of the Dungeon.
You were not hungry.

You visited 1 branch of the dungeon, and saw 4 of its levels.

You collected 190 gold pieces.

Inventory:

Hand Weapons
 d - a +0 spear
 f - a +0 dagger (weapon)
 j - a +0 short sword
Missiles
 o - 6 boomerangs (quivered)
Armour
 a - a +0 robe (worn)
 h - a scarf of cloud immunity (worn)
Scrolls
 b - a scroll of magic mapping {unknown}
 e - a scroll of immolation {unknown}
 g - 4 scrolls of identify {unknown}
 m - 2 scrolls of amnesia {unknown}
 n - 2 scrolls of enchant weapon {unknown}
 q - a scroll of fog {unknown}
 s - a scroll of blinking {unknown}
 u - a scroll of remove curse {unknown}
 v - a scroll of teleportation {unknown}
Potions
 i - a potion of cancellation {unknown}
 k - 3 potions of heal wounds {unknown}
 l - a potion of haste {unknown}
 p - a potion of lignification {unknown}
 r - a potion of degeneration {unknown}
 t - a potion of magic {unknown}
 x - a potion of curing {unknown}
Comestibles
 c - 9 rations


   Skills:
 + Level 0.2 Fighting
 + Level 0.3 Armour
 + Level 2.6 Dodging
 + Level 2.8 Stealth
 - Level 4.4 Spellcasting
 + Level 7.5 Conjurations


You had 6 spell levels left.
You knew the following spells:

 Your Spells              Type           Power        Failure   Level  Hunger
a - Magic Dart            Conj           ####         1%          1    None
b - Searing Ray           Conj           #####.       1%          2    #......
c - Iskenderun's Mystic   Conj           #####...     4%          4    ####...

Your spell library contained the following spells:

 Spells                   Type           Power        Failure   Level  Hunger
 Dazzling Spray           Conj/Hex       ###...       7%          3    ##.....
 Force Lance              Conj/Tloc      ###.....     22%         4    ####...
 Fulminant Prism          Conj/Hex       ###.......   22%         4    ####...


Dungeon Overview and Level Annotations

Branches:
Dungeon (4/15)
 Temple: D:4-7

Altars:
Elyvilon
Fedhas
Kikubaaqudgha
Sif Muna
Uskayaw


Message History

Casting: Searing Ray (safe; 1% risk of failure)
Confirm with . or Enter, or press ? or * to list all spells.
Aiming: Searing Ray (safe; 1% risk of failure)
Press: ? - help, Shift-Dir - straight line, f/p - ice beast
Aim: an ice beast (moderately wounded)
The searing ray hits the ice beast.
The ice beast is heavily wounded. (Press . to maintain the ray.)
The ice beast hits you. The ice beast freezes you!
* * * LOW HITPOINT WARNING * * *
Casting: Searing Ray (safe; 1% risk of failure)
Confirm with . or Enter, or press ? or * to list all spells.
Aiming: Searing Ray (safe; 1% risk of failure)
Press: ? - help, Shift-Dir - straight line, f/p - ice beast
Aim: an ice beast (heavily wounded)
The searing ray hits the ice beast.
The ice beast is severely wounded. (Press . to maintain the ray.)
The ice beast hits you.
You die...

#<###.# #.# #.# ####.# #.#
#....# #.# ### #.#### #.#
######..
#.######.#####...##..
#.##..............#..
########........[.......###.
#.........Y@..#..###.#'## #(
#######...###.#..###.#.####.
#.....#.#..........##.
##..###.#..#####..).<)
#......#.## #.#.[..
####.#.#.#### #.#..##
#........###....#
#####.###..#.#......#
##.....###...........#


You could see an ice beast.

Vanquished Creatures
  3 orc priests
  A killer bee zombie (D:4)
  A hound skeleton (D:4)
  8 adders
  An ooze (D:1)
  2 worms
  3 dart slugs (D:1)
  A leopard gecko (D:1)
  12 orcs
  10 bats
  4 giant cockroaches
  15 goblins
  10 hobgoblins
  15 jackals
  5 kobolds
  2 quokkas
  A ball python (D:2)
  3 frilled lizards
  14 rats
111 creatures vanquished.

Notes
Turn   | Place    | Note
-------+----------+-------------------------------------------
     0 | D:1      | Barrydekale the Deep Elf Conjurer began the quest for the
                  | Orb.
     0 | D:1      | Reached XP level 1. HP: 10/10 MP: 6/6
   111 | D:1      | Reached XP level 2. HP: 7/15 MP: 2/8
   298 | D:1      | Reached skill level 5 in Conjurations
   604 | D:1      | Reached XP level 3. HP: 19/19 MP: 6/10
   636 | D:1      | Learned a level 2 spell: Searing Ray
  1061 | D:2      | Found a blossoming altar of Fedhas.
  1268 | D:2      | Found a white marble altar of Elyvilon.
  1268 | D:2      | Found a shimmering blue altar of Sif Muna.
  1271 | D:2      | Reached XP level 4. HP: 24/24 MP: 8/12
  1479 | D:2      | Learned a level 4 spell: Iskenderun's Mystic Blast
  1854 | D:2      | Reached skill level 6 in Conjurations
  2200 | D:2      | Reached XP level 5. HP: 28/28 MP: 0/13
  2982 | D:3      | Reached skill level 7 in Conjurations
  3096 | D:3      | Found a hide-covered altar of Uskayaw.
  3212 | D:3      | Found an ancient bone altar of Kikubaaqudgha.
  3663 | D:4      | Reached XP level 6. HP: 32/32 MP: 9/14
  3670 | D:4      | Noticed an ice beast
  3751 | D:4      | Noticed an orc warrior
  4592 | D:3      | HP: 1/32 [ice beast (9)]
  4593 | D:3      | Slain by an ice beast

Levels and vault maps discovered:
D:1:      psy_arrival_basics, layout_rooms
D:2:      cheibrodos_greedy_goblins, layout_basic,
          nicolae_overflow_crystal_walls, grunt_temple_overflow_open
D:3:      layout_basic, overflow_temple_1_default,
          eat_drink_and_be_merry_uskayaw, first_ration
D:4:      kennysheep_goblin_castle, layout_gridville, lemuel_crystal_altar,
          biasface_ghost_orc_armoury, grunt_ministairs_12,
          minmay_misc_feat_roman, uniq_ijyb

Skill      XL: |  1  2  3  4  5 |
---------------+----------------+-----
Conjurations   | 5 6 7 |  7.5
Spellcasting   | 4 |  4.4
Fighting       | |  0.2
Armour         | |  0.3
Dodging        | |  2.6
Stealth        | |  2.8

Action                   |  1- 3 |  4- 6 || total
-------------------------+-------+-------++-------
Melee: Spear             |     7 |       ||     7
       Dagger            |    21 |     6 ||    27
 Cast: Magic Dart        |    67 |   126 ||   193
       Searing Ray       |       |    11 ||    11
       Iskenderun's Myst |       |    14 ||    14
 Stab: Sleeping          |     1 |       ||     1
  Eat: Chunk             |     1 |    10 ||    11
       Ration            |       |     1 ||     1
Armor: Robe              |    15 |     7 ||    22
Dodge: Dodged            |    49 |    30 ||    79

Table legend:
 A = Non-vault XP
 B = Vault XP
 C = Vault XP percentage of total XP
 D = Non-vault monster count
 E = Vault monster count
 F = Vault count percentage of total count
                 A         B        C        D         E       F
            +---------+---------+-------+---------+---------+-------
      Total |     437 |      38 |   8.0 |     100 |      11 |   9.9
            +---------+---------+-------+---------+---------+-------
        D:1 |      73 |       0 |   0.0 |      37 |       0 |   0.0
        D:2 |     114 |      20 |  14.9 |      31 |      10 |  24.4
        D:3 |     159 |       0 |   0.0 |      26 |       0 |   0.0
        D:4 |      91 |      18 |  16.5 |       6 |       1 |  14.3
            +---------+---------+-------+---------+---------+-------
